 Dungeon Crawl Stone Soup version bcrawl-1.32 (webtiles) character file.

Game seed: 12066491943589052625

527634 Morbidden the Destroyer (level 12, -4/81 HPs)
             Began as a Fairy Conjurer on June 22, 2021.
             Was an Elder of Vehumet.
             Slain by a six-headed hydra (5 damage)
             ... while petrified by a basilisk
             ... on level 3 of the Lair of Beasts.
             The game lasted 00:14:45 (9694 turns).

Morbidden the Destroyer (Fairy Conjurer)            Turns: 9694, Time: 00:14:45

Health: -4/81      AC: 10    Str: 10    XL:     12   Next: 72%
Magic:  25/28      EV:  3    Int: 24    God:    Vehumet [****..]
Gold:   1023       SH:  0    Dex: 13    Spells: 21/32 levels left

rFire    + + .     SeeInvis .   b - +8 hunting sling (freeze)
rCold    . . .     Gourm    .   x - +1 buckler
rNeg     + + +     Faith    .   (armour unavailable)
rPois    ∞         Spirit   .   (no helmet)
rElec    .         Reflect  +   P - +2 cloak {rF+}
rCorr    .         Harm     .   (no gloves)
MR       +....                  (no boots)
Stlth    +.........             M - +4 amulet of reflection
HPRegen  0.23/turn              A - +4 ring of strength (curse)
MPRegen  0.21/turn              N - ring of protection from fire

@: petrified
A: small, magic attunement, unstealthy, unfitting armour, able to fly, AC/SH +7
a: Fly, Renounce Religion


You were on level 3 of the Lair of Beasts.
You worshipped Vehumet.
Vehumet was greatly pleased with you.
You were not hungry.

You visited 2 branches of the dungeon, and saw 12 of its levels.
You also visited: Volcano.

You collected 1023 gold pieces.

Inventory:

Hand Weapons
 a - the +7 trident of Iddyraipp {drain, Str+6}
   (You found it on level 6 of the Dungeon)

   A truly terrible weapon, it drains the life of those it strikes.
   It affects your strength (+6).
 b - a +8 hunting sling of freezing (weapon)
 c - a +0 quarterstaff
 r - a +2 dagger of venom
Missiles
 v - 897 sling bullets (quivered)
Armour
 x - a +1 buckler (worn)
 I - a scarf of resistance
 P - a +2 cloak of fire resistance (worn)
Jewellery
 l - an uncursed ring of insulation
 o - an uncursed ring of see invisible
 A - a cursed +4 ring of strength (left hand)
 L - an uncursed amulet of guardian spirit
 M - a +4 amulet of reflection (around neck)
 N - a ring of protection from fire (right hand)
Wands
 t - a wand of polymorph (11)
 E - a wand of scattershot (4)
 H - a wand of acid (5)
 J - a wand of iceblast (3)
Scrolls
 g - 7 scrolls of remove curse
 i - 7 scrolls of identify
 j - 2 scrolls of teleportation
 m - 2 scrolls of fog
 n - a scroll of blinking
 p - 2 scrolls of fear
 q - 3 scrolls of amnesia
 B - a scroll of magic mapping
 C - a scroll of enchant armour
Potions
 d - 3 potions of lignification {unknown}
 f - 5 potions of curing {unknown}
 h - 3 potions of heal wounds {unknown}
 k - a potion of might {unknown}
 s - a potion of agility {unknown}
 u - a potion of magic
 w - 2 potions of berserk rage {unknown}
 z - 2 potions of haste {unknown}
 D - a potion of ambrosia {unknown}
 F - 3 potions of degeneration {unknown}
 G - 2 potions of cancellation {unknown}
 O - a potion of resistance {unknown}
Miscellaneous
 K - a phantom mirror
Comestibles
 e - 24 rations {!d}


   Skills:
 * Level 7.1 Fighting
 + Level 8.7 Slings
 * Level 10.2 Dodging
 + Level 2.1 Stealth
 + Level 4.4 Shields
 * Level 10.6 Spellcasting
 * Level 11.2 Conjurations
 * Level 6.3 Transmutations


You had 21 spell levels left.
You knew the following spells:

 Your Spells              Type           Power        Failure   Level  Hunger
a - Iskenderun's Mystic   Conj           ######..     1%          3    None
b - Searing Ray           Conj           ######..     1%          2    None
c - Magic Dart            Conj           ####         1%          1    None
d - Irradiate             Conj/Tmut      ######....   2%          5    None

Your spell library contained the following spells:

 Spells                   Type           Power        Failure   Level  Hunger
 Conjure Flame            Conj/Fire      #####...     1%          3    None
 Throw Frost              Conj/Ice       #####.       1%          2    None
 Freeze                   Ice            ##....       3%          1    None
 Fulminant Prism          Conj/Hex       #####.....   3%          4    None
 Throw Icicle             Conj/Ice       #####...     3%          4    None
 Ice Form                 Ice/Tmut       ####....     32%         4    None
 Ozocubu's Armour         Chrm/Ice       ##......     36%         3    None
 Summon Ice Beast         Ice/Summ       ##......     77%         4    None


Dungeon Overview and Level Annotations

Branches:
Dungeon (9/12)             Temple (0/1) D:6            Lair (3/6) D:7
  Swamp: Lair:2-4    Shoals: Lair:2-4     Snake: Lair:2-4    Spider: Lair:2-4
    Orc: D:8-11

Altars:
Cheibriados
Dithmenos
Fedhas
Gozag
Hepliaklqana
Kikubaaqudgha
Lugonu
Ru
Sif Muna
Trog
Vehumet
Wu Jian
Xom
The Shining One

Portals:
Abyss: Lair:1

Annotations:
D:4 1 runed door
D:9 Erolcha
Lair:2 exclusion: oklob plant


Innate Abilities, Weirdness & Mutations

Your spells do not cause hunger and MP costs are reduced by 1.
Your bright wings attract enemies. (Stealth-)
You cannot fit into any form of body armour.
Your shimmering scales are hard and can block incoming attacks. (AC +7, SH +7)
You are small and have problems with some larger weapons.
You can fly continuously.


Message History

* * * LOW HITPOINT WARNING * * *
The six-headed hydra bites you!
* * * LOW HITPOINT WARNING * * *
The six-headed hydra bites you!
* * * LOW HITPOINT WARNING * * *
The six-headed hydra bites you.
* * * LOW HITPOINT WARNING * * *
The six-headed hydra barely misses you. The six-headed hydra bites you.
The six-headed hydra bites you.
* * * LOW HITPOINT WARNING * * *
The six-headed hydra bites you!
* * * LOW HITPOINT WARNING * * *
The six-headed hydra bites you.
* * * LOW HITPOINT WARNING * * *
The six-headed hydra bites you.
* * * LOW HITPOINT WARNING * * *
The six-headed hydra bites you.
* * * LOW HITPOINT WARNING * * *
The six-headed hydra bites you!
You die...

*,,,,,,,,,,......,,,,,,,,,
*,,...,,,,......,,,,,,,,,,
**,,...,,,,....P**,,**,***,
#...##..###....##**,*******
*...#...#.#.....#*,,*,,,*,,
*#..##....#P.>.##*,,,,,,,,,
#..##.....+....#*,,,,,,,*,
#..##.....D...#*******,,**
##..###.#.@#...#**********,
#...P##..##....#*,**,**,,,,
#.................,,,,,,,,,
##.................,,,,,,,,
##.................,,,,,,,,
#..................,,,,,,,,
##.................,,,,,,,,
#................,,,,,,,,,
#..###P.P##...,*,,*,****,,


You could see a six-headed hydra.

Vanquished Creatures
  A red draconian (Volcano)
  A hydra (Lair:1)
  An ogre mage (Volcano)
  4 two-headed ogres (Volcano)
  A death yak (D:7)
  A lindwurm (Lair:3)
  An elephant (D:7)
  Joseph (Lair:1)
  2 will-o'-wisps (D:7)
  A centaur skeleton (D:6)
  2 cane toads
  3 komodo dragons
  2 trolls (D:6)
  4 hippogriffs
  5 blink frogs (Lair:3)
  2 wyverns
  A spriggan (shapeshifter) (D:8)
  A spriggan (D:8)
  20 yaks
  3 basilisks
  A steam dragon (D:7)
  5 crocodiles
  A porcupine (Lair:2)
  2 water moccasins
  7 orc warriors
  3 ice beasts
  4 sky beasts
  4 wolves (Lair:3)
  5 ogres
  A centaur (D:6)
  10 bullfrogs
  A wyvern skeleton (D:8)
  3 wights (D:8)
  3 howler monkeys
  A centaur zombie (D:5)
  2 crimson imps
  A quasit (D:8)
  2 jellies
  6 hounds
  7 orc priests
  Ijyb (D:3)
  Terence (D:3)
  6 orc wizards
  2 worker ants
  2 hound skeletons
  A howler monkey zombie (D:9)
  A worker ant zombie (D:6)
  3 gnolls (D:4)
  14 adders
  A shadow imp (D:7)
  An ooze (D:6)
  An adder skeleton (D:5)
  An adder zombie (D:6)
  2 worms (D:2)
  4 leopard geckos
  33 orcs
  13 giant cockroaches
  5 goblins
  12 hobgoblins
  11 jackals
  4 quokkas
  A ball python (D:3)
  7 bats
  2 frilled lizards
  11 kobolds
  8 rats
  2 rat zombies (D:7)
  A fungus (Lair:1)
  A lurking horror (Lair:1)
278 creatures vanquished.

Vanquished Creatures (others)
  A fungus (Lair:2)
  3 plants
  4 toadstools (D:1)
8 creatures vanquished.

Grand Total: 286 creatures vanquished

Notes
Turn   | Place    | Note
-------+----------+-------------------------------------------
     0 | D:1      | Morbidden the Fairy Conjurer began the quest for the Orb.
     0 | D:1      | Reached XP level 1. HP: 11/11 MP: 6/6
    29 | D:1      | Reached skill level 5 in Conjurations
    67 | D:1      | Reached XP level 2. HP: 17/17 MP: 8/8
   129 | D:1      | Learned a level 2 spell: Searing Ray
   341 | D:1      | Reached XP level 3. HP: 21/21 MP: 9/9
   834 | D:2      | Found an ornate altar of the Wu Jian Council.
   888 | D:2      | Reached XP level 4. HP: 27/27 MP: 11/11
   928 | D:2      | Noticed an ogre
   934 | D:2      | Killed an ogre
   935 | D:2      | Reached skill level 6 in Conjurations
   935 | D:2      | Reached XP level 5. HP: 32/32 MP: 5/13
   939 | D:2      | Learned a level 3 spell: Iskenderun's Mystic Blast
  1562 | D:3      | Noticed Terence
  1575 | D:3      | Killed Terence
  1764 | D:3      | Found a shimmering altar of Xom.
  1766 | D:3      | Found a sacrificial altar of Ru.
  1766 | D:3      | Found a glowing golden altar of the Shining One.
  1768 | D:3      | Found a bloodstained altar of Trog.
  1768 | D:3      | Found a bloodstained altar of Trog.
  1768 | D:3      | Found a shimmering blue altar of Sif Muna.
  1894 | D:3      | Noticed Ijyb
  1911 | D:3      | Killed Ijyb
  1912 | D:3      | Reached skill level 7 in Conjurations
  1912 | D:3      | Reached XP level 6. HP: 12/37 MP: 4/15
  2034 | D:3      | Reached skill level 1 in Fighting
  2098 | D:3      | Found an opulent altar of Gozag.
  2339 | D:3      | Found a snail-covered altar of Cheibriados.
  2384 | D:3      | Found a radiant altar of Vehumet.
  2385 | D:3      | Found a blossoming altar of Fedhas.
  2491 | D:3      | Reached skill level 5 in Spellcasting
  2866 | D:4      | Reached skill level 1 in Slings
  3016 | D:4      | Reached XP level 7. HP: 37/43 MP: 14/16
  3048 | D:4      | Found a bloodstained altar of Trog.
  3181 | D:4      | Found a runed door.
  3263 | D:4      | Learned a level 5 spell: Irradiate
  3314 | D:3      | Became a worshipper of Vehumet
  3522 | D:5      | Entered Level 5 of the Dungeon
  3591 | D:5      | Reached skill level 1 in Transmutations
  3776 | D:5      | Reached XP level 8. HP: 38/50 MP: 18/18
  3926 | D:5      | Found a shimmering altar of Xom.
  4119 | D:6      | Reached * piety under Vehumet
  4119 | D:6      | Offered knowledge of Sting by Vehumet.
  4309 | D:6      | Noticed a troll
  4316 | D:6      | Killed a troll
  4317 | D:6      | Reached skill level 1 in Shields
  4362 | D:6      | Reached skill level 8 in Conjurations
  4396 | D:6      | Got a blackened trident
  4443 | D:6      | Reached skill level 5 in Dodging
  4443 | D:6      | Reached XP level 9. HP: 57/57 MP: 20/20
  4534 | D:6      | Found a corrupted altar of Lugonu.
  4697 | D:6      | Reached skill level 5 in Slings
  4770 | D:6      | Noticed a troll
  4777 | D:6      | Killed a troll
  4800 | D:6      | Found a staircase to the Ecumenical Temple.
  4865 | D:6      | Found a sacrificial altar of Ru.
  5264 | D:7      | Noticed a death yak
  5267 | D:7      | Noticed an elephant
  5283 | D:7      | Killed a death yak
  5283 | D:7      | Offered knowledge of Shock by Vehumet.
  5287 | D:7      | Reached ** piety under Vehumet
  5287 | D:7      | Killed an elephant
  5288 | D:7      | Reached XP level 10. HP: 38/65 MP: 2/23
  5353 | D:7      | Found a staircase to the Lair.
  5455 | D:7      | Found a shadowy altar of Dithmenos.
  5561 | D:7      | Found an ancient bone altar of Kikubaaqudgha.
  5706 | D:7      | Noticed a will-o'-wisp
  5709 | D:7      | Noticed a will-o'-wisp
  5723 | D:7      | Reached skill level 9 in Conjurations
  5724 | D:7      | Killed a will-o'-wisp
  5796 | D:7      | Killed a will-o'-wisp
  5797 | D:7      | Reached skill level 5 in Fighting
  6356 | D:8      | Offered knowledge of Mephitic Cloud by Vehumet.
  6422 | D:8      | Found a glowing golden altar of the Shining One.
  6554 | D:7      | Found an ornate altar of the Wu Jian Council.
  6794 | D:8      | Reached *** piety under Vehumet
  6795 | D:8      | Reached XP level 11. HP: 33/72 MP: 17/25
  6943 | D:9      | Identified the +7 trident of Iddyraipp {drain, Str+6} (You
                  | found it on level 6 of the Dungeon)
  6963 | D:9      | Found a hazy altar of Hepliaklqana.
  6963 | D:9      | Found a shimmering blue altar of Sif Muna.
  6964 | D:9      | Noticed Erolcha
  7048 | Lair:1   | Entered Level 1 of the Lair of Beasts
  7155 | Lair:1   | Noticed Joseph
  7184 | Lair:1   | Killed Joseph
  7330 | Lair:1   | Noticed a five-headed hydra
  7337 | Lair:1   | Killed a five-headed hydra
  7385 | Lair:1   | Found a one-way gate to the infinite horrors of the Abyss.
  7388 | Lair:1   | Found a corrupted altar of Lugonu.
  7541 | Lair:1   | Offered knowledge of Conjure Flame by Vehumet.
  7995 | Lair:2   | Reached skill level 5 in Transmutations
  8045 | Lair:2   | Noticed an oklob plant
  8176 | Lair:2   | Reached skill level 10 in Conjurations
  8531 | Lair:2   | Reached **** piety under Vehumet
  9008 | Lair:3   | Reached XP level 12. HP: 80/80 MP: 15/27
  9068 | Lair:3   | Reached skill level 10 in Spellcasting
  9152 | Lair:3   | Found a dark tunnel.
  9168 | Volcano  | Entered a volcano
  9227 | Volcano  | Noticed a two-headed ogre
  9234 | Volcano  | Killed a two-headed ogre
  9274 | Volcano  | Noticed an ogre mage
  9274 | Volcano  | Noticed a two-headed ogre
  9274 | Volcano  | Noticed a two-headed ogre
  9283 | Volcano  | Killed a two-headed ogre
  9283 | Volcano  | Killed a two-headed ogre
  9284 | Volcano  | Reached skill level 10 in Dodging
  9286 | Volcano  | Killed an ogre mage
  9287 | Volcano  | Reached skill level 11 in Conjurations
  9411 | Volcano  | Noticed a red draconian
  9411 | Volcano  | Noticed a two-headed ogre
  9420 | Volcano  | Killed a two-headed ogre
  9429 | Volcano  | Killed a red draconian
  9684 | Lair:3   | Noticed a six-headed hydra
  9694 | Lair:3   | HP: 4/81 [six-headed hydra (1)]
  9694 | Lair:3   | HP: 1/81 [six-headed hydra (2)]
  9694 | Lair:3   | Slain by a six-headed hydra

Skill      XL: |  1  2  3  4  5  6  7  8  9 10 11 12 |
---------------+-------------------------------------+-----
Conjurations   | 5 6 7 8 9 10 11 | 11.2
Spellcasting   | 3 4 5 6 7 8 9 10 | 10.6
Dodging        | 3 4 5 6 7 9 10 | 10.2
Fighting       | 1 2 3 4 5 6 7 |  7.1
Slings         | 2 3 4 6 7 8 |  8.7
Transmutations | 1 2 3 4 5 6 |  6.3
Shields        | 1 2 3 4 |  4.4
Stealth        | 2 |  2.1

Action                   |  1- 3 |  4- 6 |  7- 9 | 10-12 || total
-------------------------+-------+-------+-------+-------++-------
 Fire: Hunting sling     |       |    70 |   167 |   267 ||   504
 Cast: Magic Dart        |    73 |    39 |     3 |       ||   115
       Searing Ray       |     1 |    11 |    13 |    10 ||    35
       Iskenderun's Myst |       |     4 |       |    88 ||    92
       Irradiate         |       |       |       |     5 ||     5
 Abil: Stop Flying       |       |       |       |     1 ||     1
  Use: Scroll            |     1 |     2 |     6 |    16 ||    25
  Eat: Chunk             |       |    10 |    12 |    22 ||    44
Armor: Skin              |     3 |     5 |     9 |    22 ||    39
Dodge: Dodged            |    17 |    32 |    24 |    73 ||   146
Block: Other             |     5 |     3 |       |       ||     8
       Buckler           |       |    14 |    30 |   122 ||   166
